 Dungeon Crawl Stone Soup version 0.20.0-10-g0535bb4 (webtiles) character file.

234 raph the Poker (level 6, 0/47 HPs)
             Began as a Merfolk Gladiator on June 7, 2017.
             Succumbed to an orc's poison
             ... on level 3 of the Dungeon.
             The game lasted 00:04:17 (1943 turns).

raph the Poker (Merfolk Gladiator)                  Turns: 1943, Time: 00:04:18

Health: 0/47       AC:  6    Str: 14    XL:     6   Next: 5%
Magic:  6/6        EV: 21    Int:  8    God:
Gold:   78         SH:  0    Dex: 22    Spells: 5/5 levels left

rFire    . . .     SeeInvis .   a - +0 trident
rCold    . . .     Gourm    .   (no shield)
rNeg     . . .     Faith    .   b - +0 leather armour
rPois    .         Spirit   .   c - +1 helmet
rElec    .         Reflect  .   (no cloak)
rCorr    .         Harm     .   i - +0 pair of gloves
MR       .....                  (no boots)
Stlth    +++.......             (no amulet)
Regen    0.2/turn               (no ring)
MPRegen  0.1/turn               (no ring)

@: agile, lethally poisoned (0 -> -16), very slightly contaminated, invisible
A: change form in water, swift swim, stealthy swim
a: no special abilities


You were on level 3 of the Dungeon.
You were hungry.

You visited 1 branch of the dungeon, and saw 3 of its levels.

You collected 78 gold pieces.

Inventory:

Hand Weapons
 a - a +0 trident (weapon)
Missiles
 d - 3 throwing nets (quivered)
Armour
 b - a +0 leather armour (worn)
 c - a +1 helmet (worn)
 i - a +0 pair of gloves (worn)
Scrolls
 e - 3 scrolls of remove curse
 k - 2 scrolls of immolation
Potions
 g - a potion of ambrosia {unknown}
 l - 2 potions of agility
 n - 3 potions of curing {unknown}
 o - a potion of haste {unknown}
 q - a potion of cancellation {unknown}
Comestibles
 f - a bread ration
 h - 2 fruits
 j - a royal jelly


   Skills:
 + Level 3.2 Fighting
 * Level 7.0 Polearms
 + Level 3.3 Throwing
 + Level 5.2 Dodging


You had 5 spell levels left.
You didn't know any spells.

Dungeon Overview and Level Annotations

Branches:
Dungeon (3/15)

Altars:


Message History

a dagger; a leather armour You catch the helpless orc completely off-guard!
You hit the orc.
The orc is severely wounded.
* * * LOW HITPOINT WARNING * * *
You feel sick. The orc barely misses you.
The orc throws a stone.
The stone hits the orc.
The orc dies!
A puff of flame appears from out of thin air!
The puff of flame hits the orc.
The orc dies!
* * * LOW HITPOINT WARNING * * *
You feel sick.
* * * LOW HITPOINT WARNING * * *
You feel sick.
* * * LOW HITPOINT WARNING * * *
You feel sick.
It was a potion of agility.
You feel agile all of a sudden.
You die...

.....
....................#
.............?......
....................
##.................
.#................#
....#..........#..####
(#..###..#..$..#.....#
.##..##..#.#####@....#
............)()#.....#
..#.........##(.....>#
..........#...#......#
##........###........#
#......).# #........#
###.....<# #........#
#.....)# #.......##
#......# ##.....##


There were no monsters in sight!

Vanquished Creatures
  An orc priest (D:2)
  Natasha (thrice) (D:2)
  6 adders (D:2)
  2 oozes
  4 dart slugs (D:1)
  4 orcs
  2 giant cockroaches
  9 goblins
  8 hobgoblins
  A quokka (D:2)
  A ball python (D:2)
  5 bats
  2 frilled lizards (D:2)
  9 kobolds
  5 rats
62 creatures vanquished.

Vanquished Creatures (others)
  2 orcs (D:3)
2 creatures vanquished.

Grand Total: 64 creatures vanquished

Notes
Turn   | Place    | Note
-------+----------+-------------------------------------------
     0 | D:1      | raph the Merfolk Gladiator began the quest for the Orb.
     0 | D:1      | Reached XP level 1. HP: 16/16 MP: 1/1
   106 | D:1      | Reached XP level 2. HP: 22/22 MP: 2/2
   197 | D:1      | Reached skill level 5 in Polearms
   222 | D:1      | Reached XP level 3. HP: 22/28 MP: 3/3
  1028 | D:2      | Reached XP level 4. HP: 28/34 MP: 4/4
  1114 | D:2      | Noticed Natasha
  1122 | D:2      | Killed Natasha
  1163 | D:2      | Noticed Natasha
  1170 | D:2      | Killed Natasha
  1170 | D:2      | Reached skill level 6 in Polearms
  1170 | D:2      | Reached XP level 5. HP: 28/41 MP: 5/5
  1279 | D:2      | Noticed Natasha
  1285 | D:2      | Killed Natasha
  1357 | D:2      | Reached skill level 5 in Dodging
  1713 | D:2      | Reached XP level 6. HP: 22/47 MP: 6/6
  1887 | D:3      | Reached skill level 7 in Polearms
  1942 | D:3      | HP: 1/47 [poisoned by an orc]
  1943 | D:3      | Succumbed to an orc's poison

Skill      XL: |  1  2  3  4  5  6 |
---------------+-------------------+-----
Polearms       | 5 6 7 |  7.0
Fighting       | 3 |  3.2
Throwing       | 3 |  3.3
Dodging        | 5 |  5.2

Action                   |  1- 3 |  4- 6 || total
-------------------------+-------+-------++-------
Melee: Trident           |    98 |   119 ||   217
  Use: Scroll            |     2 |     2 ||     4
       Potion            |       |     2 ||     2
 Stab: Sleeping          |     1 |       ||     1
       Invisible         |       |     1 ||     1
  Eat: Chunk             |       |     3 ||     3
Armor: Leather armour    |    22 |    31 ||    53
Dodge: Dodged            |    43 |    77 ||   120
